 Dungeon Crawl Stone Soup version 0.29-a0-214-g17f627cfee (webtiles) character file.

Game seed: 4180719803119607974

246 TrayleKats the Chopper (level 6, -4/56 HPs)
             Began as a Hill Orc Monk on Feb 24, 2022.
             Killed from afar by Ijyb (33 damage)
             ... with a bolt of acid
             ... on level 3 of the Dungeon.
             The game lasted 00:05:43 (2459 turns).

TrayleKats the Chopper (Hill Orc Monk)              Turns: 2459, Time: 00:05:44

Health: -4/56      AC:  4    Str: 16    XL:     6   Next: 11%
Magic:  6/6        EV:  7    Int: 10    God:
Gold:   77         SH:  0    Dex: 13    Spells: 5/5 levels left

rFire   . . .      SeeInvis .   a - +0 hand axe
rCold   . . .      Faith    .   (no shield)
rNeg    . . .      Spirit   .   c - +0 chain mail
rPois   .          Reflect  .   (no helmet)
rElec   .          Harm     .   (no cloak)
rCorr   .          Rampage  .   (no gloves)
Will    .....                   (no boots)
Stlth   ..........              (no amulet)
HPRegen 0.18/turn               (no ring)
MPRegen 0.10/turn               (no ring)

@: corroded
A: no striking features
a: no special abilities


You were on level 3 of the Dungeon.
You visited 1 branch of the dungeon, and saw 3 of its levels.

You collected 77 gold pieces.

Inventory:

Hand Weapons
 a - a +0 hand axe (weapon)
Armour
 b - a +0 robe
 c - a +0 chain mail (worn)
Scrolls
 d - a scroll of enchant armour {unknown}
 e - 3 scrolls of magic mapping
 g - 2 scrolls of fear {unknown}
 h - a scroll of summoning {unknown}
 j - a scroll of identify {unknown}
 k - 2 scrolls of teleportation {unknown}
Potions
 f - a potion of haste {unknown}
 m - a potion of magic {unknown}


   Skills:
 + Level 5.4 Fighting
 * Level 7.5 Axes
 - Level 2.4 Dodging
 - Level 1.5 Stealth


You had 5 spell levels left.
You didn't know any spells.
Your spell library contained the following spells:

 Spells                   Type           Power      Damage    Failure   Level
 Sandblast                Erth           0%         2d4       100%        1
 Passwall                 Tmut/Erth      0%         N/A       100%        2
 Stone Arrow              Conj/Erth      0%         3d7       100%        3


Dungeon Overview and Level Annotations

Branches:
Dungeon (3/15)

Altars:

Shops:
D:1 [

Annotations:
D:3 Grinder, Ijyb


Message History

The howler monkey hits you but does no damage.
You hit the howler monkey.
You kill the howler monkey!
You have reached level 6!
You start resting.
HP restored.
You start waiting.
Done waiting.
You start waiting.
Done waiting.
Things that are here:
a +0 vampiric scythe; a +0 robe You see here a +0 leather armour.
Key pressed, stopping explore.
There is a stone staircase leading down here.
Done exploring.
Done exploring.
Done exploring.
Done exploring.
There is a stone staircase leading up here.
There is a stone staircase leading down here.
You climb downwards.
Level annotation: Grinder
There is a stone staircase leading up here.
Ijyb the Twisted Goblin comes into view.
She is wielding a +0 club and carrying a wand of acid (5).
Ijyb shouts!
Ijyb is nearby!
Ijyb is nearby!
Ijyb hits you but does no damage.
You barely miss Ijyb.
Ijyb zaps a wand.
The bolt of acid hits you!!
You hit Ijyb.
Ijyb is lightly wounded.
Ijyb closely misses you.
You hit Ijyb.
Ijyb is moderately wounded.
Ijyb zaps a wand.
The bolt of acid hits you. The acid corrodes you!
Ijyb screams, "I dance on your bones!"
Ijyb zaps a wand.
The bolt of acid hits you!!
Ouch! That really hurt!
You die...

#####
#..@#
#g###
#.#
#..
####


You could see Ijyb.

Vanquished Creatures
  Sigmund (D:2)
  A howler monkey (D:2)
  A gnoll (D:1)
  An adder (D:2)
  3 ball pythons
  An endoplasm (D:1)
  2 goblins (D:1)
  2 hobgoblins
  8 jackals
  A quokka (D:2)
  4 bats
  3 frilled lizards
  5 kobolds
  3 rats
36 creatures vanquished.

Notes
Turn   | Place    | Note
-------+----------+-------------------------------------------
     0 | D:1      | TrayleKats the Hill Orc Monk began the quest for the Orb.
     0 | D:1      | Reached XP level 1. HP: 19/19 MP: 1/1
   101 | D:1      | Reached XP level 2. HP: 12/27 MP: 2/2
   486 | D:1      | Found Rumaurawk's Armour Shoppe.
   534 | D:1      | Found a faded altar of an unknown god.
   961 | D:2      | Reached skill level 5 in Axes
   978 | D:2      | Reached XP level 3. HP: 27/33 MP: 3/3
  1417 | D:2      | Noticed Sigmund
  1472 | D:3      | Noticed Grinder
  1483 | D:3      | Paralysed by Grinder for 7 turns
  1773 | D:2      | Killed Sigmund
  1774 | D:2      | Reached skill level 5 in Fighting
  1774 | D:2      | Reached skill level 7 in Axes
  1774 | D:2      | Reached XP level 4. HP: 10/42 MP: 4/4
  1774 | D:2      | Reached XP level 5. HP: 11/48 MP: 5/5
  1851 | D:2      | Reached XP level 6. HP: 21/56 MP: 6/6
  2453 | D:3      | Noticed Ijyb
  2459 | D:3      | Killed from afar by Ijyb

Illustrated notes

Levels and vault maps discovered:
D:1:      dpeg_arrival_round_b, layout_loops_ring,
          shapermc_ecumenical_altar_venn, serial_shops, nicolae_shop_statue_plus
D:2:      layout_rooms, uniq_sigmund
D:3:      layout_basic, uniq_grinder, uniq_ijyb

Skill      XL: |  1  2  3 |
---------------+----------+-----
Fighting       | 4 5 |  5.4
Axes           | 5 7 |  7.5
Dodging        | |  2.4
Stealth        | |  1.5

Action                   |  1- 3 |  4- 6 || total
-------------------------+-------+-------++-------
Melee: Hand axe          |   159 |    10 ||   169
       Punch             |     3 |       ||     3
  Use: Potion            |     2 |       ||     2
       Scroll            |     1 |       ||     1
Armor: Robe              |     3 |       ||     3
       Chain mail        |    99 |     6 ||   105
       Skin              |    22 |       ||    22
Dodge: Dodged            |    72 |     1 ||    73

Table legend: (Time is in decaauts)
 A = Elapsed time spent in this place.
 B = Non-inter-level travel time spent in this place.
 C = Inter-level travel time spent in this place.
 D = Time resting spent in this place.
 E = Time spent auto-exploring this place.
 F = Levels seen in this place.
 G = Mean time per level.
                   A        B        C        D        E       F      G
               +--------+--------+--------+--------+--------+-----+--------+
         Total |   2467 |   2385 |     82 |    862 |   1014 |   3 |  822.3 |
       Dungeon |   2467 |   2385 |     82 |    862 |   1014 |   3 |  822.3 |
               +--------+--------+--------+--------+--------+-----+--------+

Top non-repeatable levels by time:
     D:2: 1453 daAuts
     D:1: 986 daAuts
     D:3: 27 daAuts
